Map: Moondance

Players

FuzzyWazzi - Winner!

  • Race: Zerg Zerg
  • League: Bronze
  • Spawn Location: 12:00

TheStudmuffi

  • Race: Terran Terran
  • League: Silver
  • Spawn Location: 6:00

VOD

Have the link to the VOD?

Description

Time

  • Played on: Oct. 21, 2022, 11:48 p.m.
  • Length: 31:02
Show
View Real Time Build Order
Export as new Build Order

FuzzyWazzi Zerg - Winner!

Build Orders: Hatch First 

Get SALT Encoding   

  12  0:01  Drone  
  13  0:12  Overlord  
  13  0:17  Drone  
  14  0:31  Drone x2  
  16  0:36  Drone  
  17  0:54  Hatchery  
  16  0:59  Drone  
  16  1:01  Drone  
  18  1:15  Extractor  
  17  1:19  Spawning Pool  
  17  1:22  Drone x2  
  18  1:37  Drone  
  19  1:42  Drone  
  20  2:01  Overlord  
  20  2:09  Drone  
  20  2:13  Queen x2  
  25  2:15  Zergling x2  
  25  2:18  Zergling x2  
  25  2:21  Metabolic Boost  
  25  2:46  Overlord  
  25  2:48  Drone x4  
  29  2:54  Zergling x2  
  29  3:09  Zergling x4  
  29  3:10  Zergling x2  
  29  3:17  Zergling x2  
  24  3:55  Queen  
  26  3:57  Zergling x12  
  32  4:04  Queen  
  32  4:09  Drone x2  
  36  4:18  Spine Crawler  
  34  4:28  Spine Crawler  
  34  4:30  Queen  
  34  4:46  Drone x6  
  40  4:59  Hatchery  
  39  5:02  Zergling x2  
  39  5:03  Zergling x2  
  41  5:24  Drone  
  41  5:25  Drone x2  
  44  5:28  Overlord x3  
  44  5:46  Drone  
  44  5:47  Drone  
  44  5:48  Drone  
  47  5:52  Hatchery  
  46  6:02  Overlord  
  46  6:05  Drone x4  
  46  6:08  Extractor  
  46  6:11  Extractor  
  48  6:18  Queen  
  50  6:30  Overlord  
  50  6:31  Drone  
  50  6:32  Drone x7  
  58  6:33  Drone  
  59  6:44  Drone x5  
  64  6:48  Overlord  
  64  6:54  Extractor  
  64  6:55  Lair  
  64  6:58  Drone x2  
  64  6:59  Drone  
  66  7:06  Queen  
  68  7:11  Queen  
  70  7:18  Drone x4  
  70  7:19  Drone x3  
  77  7:23  Drone  
  78  7:35  Drone  
  79  7:39  Drone x4  
  79  7:43  Extractor  
  82  7:49  Drone  
  82  7:50  Drone x2  
  85  7:51  Drone  
  85  7:52  Drone x7  
  93  8:12  Overlord  
  93  8:13  Spire  
  93  8:15  Overlord x2  
  93  8:16  Zergling x2  
  93  8:17  Zergling x6  
  81  8:46  Zergling x6  
  81  8:47  Zergling x26  
  97  8:56  Baneling Nest  
  97  8:59  Drone  
  97  9:00  Drone x5  
  102  9:14  Drone x2  
  102  9:15  Drone x4  
  108  9:17  Overlord  
  108  9:19  Overlord  
  108  9:27  Hatchery  
  108  9:30  Zerg Flyer Weapons Level 1  
  107  9:33  Mutalisk x6  
  107  9:35  Mutalisk  
  121  9:40  Overlord x2  
  121  9:45  Baneling x5  
  121  9:46  Baneling x6  
  121  9:47  Baneling x6  
  121  9:48  Baneling x2  
  121  9:51  Centrifugal Hooks  
  121  9:53  Zergling x2  
  121  9:54  Zergling x14  
  129  10:00  Mutalisk  
  129  10:01  Mutalisk x8  
  129  10:02  Mutalisk  
  149  10:46  Overlord x4  
  149  10:49  Hatchery  
  138  11:21  Mutalisk x10  
  154  11:36  Zergling x2  
  154  11:37  Zergling x16  
  163  11:41  Baneling  
  163  11:42  Baneling x12  
  163  11:43  Baneling  
  152  12:12  Overlord x2  
  152  12:14  Zergling x14  
  152  12:15  Zergling x10  
  136  12:55  Hatchery  
  133  13:02  Zergling x24  
  133  13:03  Zergling x6  
  148  13:13  Drone  
  148  13:14  Drone x3  
  152  13:24  Burrow  
  121  13:36  Zergling x28  
  121  13:37  Zergling x4  
  137  13:45  Zergling x2  
  138  14:00  Zergling x18  
  138  14:01  Zergling x4  
  126  14:04  Hatchery  
  119  14:13  Baneling x6  
  119  14:14  Baneling x6  
  119  14:15  Baneling x6  
  119  14:16  Zergling x2, Baneling  
  120  14:17  Zergling x12  
  116  14:38  Zergling x2  
  116  14:39  Zergling x36  
  110  14:56  Zergling x2  
  110  14:57  Zergling x20  
  101  15:09  Zergling x10  
  101  15:10  Zergling x4  
  107  15:19  Baneling x4  
  107  15:20  Baneling x28  
  107  15:21  Baneling x26  
  107  15:31  Drone x9  
  107  15:32  Drone x8  
  124  15:37  Hatchery  
  123  15:56  Hatchery  
  122  16:17  Drone x23  
  122  16:18  Drone x4  
  149  16:31  Zerg Flyer Armor Level 1  
  144  16:45  Evolution Chamber  
  144  16:46  Evolution Chamber  
  140  17:03  Zergling x2  
  140  17:04  Zergling x46  
  140  17:05  Zergling x18  
  173  17:15  Zergling x2  
  169  17:16  Zergling x4  
  169  17:19  Queen  
  173  17:34  Hatchery  
  172  17:37  Hatchery  
  172  17:44  Extractor  
  170  17:47  Extractor  
  169  17:51  Zergling x2  
  169  17:52  Zergling x44  
  169  17:53  Zergling x2  
  193  18:10  Hatchery  
  192  18:17  Extractor  
  192  18:18  Drone x2  
  192  18:19  Drone, Extractor  
  193  18:20  Drone  
  193  18:21  Drone x2  
  193  18:22  Drone  
  193  18:24  Zerg Flyer Weapons Level 2  
  130  18:52  Zergling x2  
  130  18:53  Zergling x46  
  138  19:03  Queen  
  140  19:14  Drone x8  
  127  19:47  Lair  
  123  19:57  Zerg Ground Armor Level 1  
  123  19:59  Zerg Melee Weapons Level 1  
  123  20:04  Zergling x30  
  123  20:05  Zergling x30  
  153  20:13  Queen  
  155  20:17  Drone x6  
  155  20:18  Drone x5  
  166  20:24  Baneling x9  
  166  20:25  Baneling x29  
  166  20:26  Baneling x5  
  166  20:27  Zergling x16  
  174  20:37  Extractor  
  174  20:39  Drone x3, Extractor  
  174  20:40  Zerg Flyer Armor Level 2  
  174  20:42  Drone x3  
  178  20:44  Drone x4  
  182  20:51  Zergling x2  
  182  20:52  Zergling x10  
  186  20:58  Zergling x20  
  192  21:06  Zergling x6  
  192  21:07  Zergling x10  
  200  21:24  Infestation Pit  
  199  21:26  Zergling x2  
  199  21:33  Baneling  
  199  21:34  Baneling x5  
  199  21:35  Baneling  
  150  21:51  Zergling x12  
  150  21:52  Zergling x54  
  176  22:10  Zergling x20  
  165  22:28  Hatchery  
  153  22:38  Baneling  
  153  22:39  Baneling x20  
  153  22:40  Baneling  
  153  22:41  Zergling x2  
  153  22:42  Zergling x40  
  153  22:43  Zergling x52  
  200  23:04  Pathogen Glands  
  200  23:05  Zerg Melee Weapons Level 2  
  200  23:07  Zerg Ground Armor Level 2  
  152  23:38  Zergling x24  
  152  23:39  Zergling x54  
  181  23:47  Zergling x14  
  188  23:55  Zergling x2, Extractor  
  187  23:56  Zergling x22  
  187  24:01  Baneling  
  187  24:02  Baneling x26  
  199  24:03  Baneling x8  
  199  24:21  Zergling x2  
  142  24:48  Zergling x20  
  142  24:49  Zergling x58  
  142  24:50  Zergling x4  
  181  25:04  Zergling x24  
  181  25:05  Zergling x4  
  187  25:18  Zergling x10  
  187  25:19  Zergling x16  
  200  25:34  Hive  
  200  25:37  Hive  
  144  26:00  Zergling x2  
  144  26:01  Zergling x54  
  144  26:02  Zergling x24  
  170  26:11  Zergling x2  
  170  26:14  Baneling x9  
  170  26:15  Baneling x27  
  171  26:19  Queen  
  171  26:22  Zergling x14  
  171  26:23  Zergling x12  
  186  26:48  Infestation Pit  
  113  27:11  Zergling x2  
  113  27:12  Zergling x48  
  113  27:13  Zergling x28  
  152  27:18  Queen  
  154  27:25  Zergling x16  
  154  27:26  Zergling x14  
  169  27:31  Drone  
  170  27:45  Zergling x2  
  170  27:46  Zergling x48  
  170  27:51  Baneling x15  
  195  27:52  Baneling x28  
  195  27:55  Zergling x6  
  195  27:56  Zergling x2  
  199  28:04  Drone  
  200  28:06  Drone  
  151  28:47  Zergling x26  
  151  28:48  Zergling x50  
  176  28:51  Baneling x5  
  176  28:52  Baneling x28  
  176  28:55  Zergling x16  
  190  29:01  Drone  
  190  29:02  Drone x8  
  199  29:20  Adrenal Glands  
  199  29:27  Hatchery  
  150  29:44  Zergling x2  
  150  29:45  Zergling x36  
  146  29:46  Zergling x44  
  167  29:53  Zergling x2  
  167  29:55  Queen  
  170  30:14  Baneling  
  170  30:15  Baneling x27  
  170  30:16  Baneling x31  
  170  30:17  Baneling x8  
  170  30:18  Zergling x16  
  170  30:19  Zergling x44  
  194  30:28  Zergling x16  
Show
View Real Time Build Order
Export as new Build Order

TheStudmuffi Terran 

Build Orders: Mech 

Get SALT Encoding   

  12  0:01  SCV  
  13  0:16  Supply Depot  
  13  0:18  SCV  
  14  0:44  Barracks  
  14  0:47  SCV  
  14  0:49  Refinery  
  15  1:00  Barracks  
  15  1:03  SCV  
  16  1:15  SCV  
  17  1:28  SCV  
  17  1:31  Refinery  
  17  1:32  Reaper  
  19  1:42  Bunker  
  19  1:49  SCV  
  19  1:52  Reaper  
  21  1:57  Supply Depot  
  21  2:02  SCV  
  22  2:11  Reaper  
  23  2:20  Supply Depot  
  23  2:33  Reaper  
  23  3:00  SCV  
  23  3:05  Reaper x2  
  26  3:13  SCV  
  27  3:22  Command Center  
  27  3:33  Bunker  
  27  3:35  SCV  
  27  3:37  Reaper  
  27  3:38  Reaper  
  28  4:01  SCV  
  29  4:09  Reaper  
  30  4:10  Reaper  
  30  4:13  SCV, Factory  
  29  4:47  Orbital Command x2  
  29  4:56  Factory  
  29  4:57  Factory Tech Lab  
  29  5:14  SCV, Factory  
  29  5:15  Orbital Command  
  29  5:18  Armory  
  29  5:19  Infernal Pre-Igniter  
  30  5:37  Hellion  
  30  5:40  Factory Reactor  
  32  5:47  Starport  
  32  5:50  SCV  
  32  5:52  SCV  
  34  5:58  Marine  
  34  5:59  Marine  
  34  6:02  SCV, Factory Reactor  
  34  6:04  SCV  
  38  6:05  Hellion  
  40  6:14  SCV  
  40  6:16  SCV  
  42  6:19  Refinery  
  42  6:24  Hellbat  
  42  6:25  Hellbat  
  46  6:26  SCV, Hellion  
  46  6:28  SCV  
  46  6:31  Starport Reactor  
  50  6:38  SCV  
  51  6:40  SCV  
  51  6:46  Reaper  
  53  6:50  SCV  
  54  6:57  Hellbat x5, SCV  
  54  6:59  Supply Depot  
  65  7:09  Medivac  
  65  7:10  Medivac  
  65  7:14  SCV  
  70  7:21  Hellbat, SCV  
  70  7:22  Supply Depot  
  73  7:34  SCV  
  73  7:35  SCV  
  73  7:36  Supply Depot  
  75  7:40  Hellbat  
  75  7:43  Liberator  
  86  7:44  Hellbat x3  
  86  7:48  SCV x2  
  88  7:59  Supply Depot  
  88  8:00  SCV x2  
  90  8:07  Hellbat x2, Command Center  
  90  8:12  SCV  
  89  8:48  Thor  
  95  8:51  Hellbat  
  95  8:52  Hellbat x3  
  95  8:54  SCV  
  95  8:55  SCV  
  105  8:58  Refinery  
  105  9:05  Supply Depot  
  105  9:08  Supply Depot  
  105  9:09  Engineering Bay  
  105  9:13  Medivac x2  
  109  9:19  Widow Mine x2  
  109  9:21  Widow Mine  
  115  9:25  SCV x2  
  115  9:31  Thor  
  123  9:35  Terran Vehicle And Ship Armor Level 1  
  123  9:37  SCV  
  124  9:55  Liberator  
  124  9:56  Liberator  
  130  10:03  Orbital Command  
  130  10:06  SCV  
  130  10:07  SCV  
  132  10:14  Hellbat x3  
  138  10:18  SCV  
  138  10:19  SCV  
  140  10:31  SCV  
  141  10:48  Missile Turret  
  140  10:52  Thor  
  140  10:55  Missile Turret  
  134  11:08  Missile Turret  
  122  11:25  SCV x3  
  125  11:29  Missile Turret  
  125  11:37  SCV x3  
  128  11:49  SCV  
  128  11:50  Missile Turret  
  128  11:52  Missile Turret  
  113  12:05  Missile Turret  
  105  12:11  Widow Mine x3  
  105  12:12  Widow Mine x2  
  115  12:21  Viking  
  115  12:22  Viking  
  119  12:24  SCV x2  
  119  12:25  SCV  
  119  12:26  Missile Turret  
  122  12:36  SCV x2  
  122  12:37  SCV  
  117  12:48  SCV  
  112  13:01  Widow Mine x2  
  112  13:02  Widow Mine x3  
  122  13:07  SCV  
  122  13:09  Terran Vehicle Weapons Level 1  
  68  13:35  Hellbat x3  
  68  13:36  Hellbat x2  
  75  14:35  Supply Depot  
  75  14:38  Supply Depot  
  73  14:40  Supply Depot  
  73  14:42  Supply Depot  
  67  14:56  SCV  
  67  14:57  Hellbat x5  
  70  15:08  SCV  
  71  15:15  Supply Depot  
  71  15:20  SCV, Supply Depot  
  72  15:25  Hellbat x3  
  78  15:37  Hellbat x2, SCV  
  78  15:41  Refinery  
  83  15:47  Command Center  
  83  15:49  SCV  
  84  16:01  SCV  
  85  16:12  Widow Mine  
  85  16:13  Widow Mine, SCV  
  85  16:14  Hellbat x2  
  94  16:19  Orbital Command  
  94  16:28  Hellbat  
  85  17:03  Orbital Command  
  85  17:22  SCV x2  
  87  17:34  SCV x2  
  89  17:38  Orbital Command  
  89  17:46  Thor, SCV  
  96  18:06  Supply Depot  
  96  18:08  Supply Depot  
  96  18:13  SCV x2  
  96  18:14  SCV  
  96  18:19  Widow Mine  
  105  18:20  Widow Mine x2  
  105  18:23  Medivac x2  
  109  18:27  SCV x3  
  109  18:29  Thor, Supply Depot  
  109  18:31  Supply Depot  
  117  18:40  SCV x3  
  78  19:05  Hellbat  
  78  19:06  Hellbat x3  
  86  19:17  Hellbat  
  88  19:27  Hellbat x4  
  83  19:39  Hellbat  
  83  19:48  Hellbat x3  
  83  19:49  Hellbat  
  89  20:00  Hellbat  
  91  20:12  Supply Depot x2  
  91  20:13  Hellbat x2  
  91  20:14  Hellbat x2, Factory  
  99  20:15  Factory  
  99  20:18  SCV  
  103  20:21  Siege Tank  
  103  20:22  Terran Vehicle Weapons Level 2  
  103  20:30  SCV  
  103  20:32  Refinery  
  104  20:50  Armory  
  104  20:59  Factory  
  104  21:10  Factory Reactor x2  
  104  21:14  Factory Tech Lab  
  104  21:15  Factory Tech Lab  
  104  21:22  Hellbat  
  104  21:23  Hellbat x4  
  77  21:53  Supply Depot  
  77  21:54  Supply Depot  
  75  21:55  Supply Depot  
  75  22:01  Supply Depot  
  74  22:06  SCV x3  
  77  22:15  Thor x3  
  83  22:17  Supply Depot  
  83  22:18  Hellbat, SCV x3, Factory Tech Lab  
  83  22:19  Hellbat x3  
  100  22:24  Supply Depot  
  91  22:40  Hellbat  
  91  22:41  Supply Depot  
  91  22:44  Reaper  
  94  22:45  Hellbat x2  
  94  22:46  Thor  
  104  22:58  Thor x2  
  110  22:59  Refinery  
  110  23:05  Supply Depot  
  116  23:10  Refinery  
  99  23:41  Supply Depot x2  
  99  23:43  Supply Depot  
  99  23:45  Thor  
  99  23:47  Hellbat  
  99  23:48  Hellbat x5  
  117  24:01  SCV  
  117  24:02  Hellbat  
  120  24:04  Refinery  
  120  24:09  Hellbat x2, Hellion x2  
  132  24:10  Hellbat, Hellion  
  132  24:22  Command Center  
  132  24:23  Hellbat  
  134  24:24  Hellion x5  
  134  24:28  Hellbat  
  102  24:53  Thor x2  
  102  24:54  Thor  
  102  24:55  Hellbat  
  102  24:56  Hellbat x4  
  130  25:01  Supply Depot  
  130  25:03  Supply Depot  
  129  25:17  Hellbat x2  
  133  25:25  Thor  
  133  25:26  Hellbat x2, Supply Depot  
  88  26:15  Thor  
  88  26:17  Hellbat  
  96  27:00  Orbital Command  
  58  27:20  Supply Depot  
  58  27:32  Planetary Fortress  
  58  27:43  Supply Depot  
  58  27:49  Thor  
  66  27:51  Hellbat  
  66  27:52  Hellbat  
  68  27:59  Hellbat x2  
  70  28:31  Orbital Command  
  65  28:49  Hellion  
  65  28:50  Hellion x4  
  65  28:51  Hellion x2  
  79  29:03  Hellion x7  
  79  29:10  Supply Depot  
  79  29:13  Widow Mine  
  79  29:14  Widow Mine  
  83  29:17  Widow Mine  
  83  29:21  Widow Mine  
  33  29:56  Widow Mine x3  
  33  29:57  Widow Mine x5  
  49  30:17  Widow Mine x2  
  49  30:18  Widow Mine  
  55  30:31  Engineering Bay  
  55  30:32  Engineering Bay  
Tags
 
Composition
Mech
Matchup
TvZ
Spawn Locations
Cross Positions
Add a new tag
Caveats
  • Supply blocks, unpowered buildings, or Contaminate may cause inaccurate times.
  • Supply counts are checked every 10 seconds.